 Dungeon Crawl Stone Soup version 0.18-b1-22-ge198996 (webtiles) character file.

601 Peloso the Covered (level 7, 0/60 HPs)
             Began as a Minotaur Fighter on May 4, 2016.
             Killed from afar by an orc wizard (5 damage)
             ... with a puff of frost
             ... on level 4 of the Dungeon.
             The game lasted 00:10:58 (3113 turns).

Peloso the Covered (Minotaur Fighter)               Turns: 3113, Time: 00:11:01

Health: 0/60       AC:  7    Str: 21    XL:     7   Next: 18%
Magic:  6/6        EV:  9    Int:  5    God:
Gold:   179        SH: 10    Dex: 11    Spells: 0 memorised, 6 levels left

rFire  . . .     SeeInvis .     d - +1 falchion (holy)
rCold  . . .     Gourm    .     b - +0 scale mail
rNeg   . . .     Faith    .     c - +0 shield
rPois  .         Spirit   .     (helmet restricted)
rElec  .         Dismiss  .     (no cloak)
rCorr  .         Reflect  .     (no gloves)
SustAt .         Harm     .     (no boots)
MR     .....                    v - amulet of rage
Stlth  ..........               (no ring)
                                (no ring)

@: slowed, very slow, not resistant to hostile enchantments, extremely
unstealthy
A: retaliatory headbutt, horns 2
a: Evoke Berserk Rage


You were on level 4 of the Dungeon.
You were not hungry.

You visited 1 branch of the dungeon, and saw 4 of its levels.

You collected 179 gold pieces.

Inventory:

Hand Weapons
 a - a +0 long sword
 d - a +1 falchion of holy wrath (weapon)
Armour
 b - a +0 scale mail (worn)
 c - a +0 shield (worn)
Jewellery
 v - an amulet of rage (around neck)
Wands
 j - a wand of confusion (14/48)
Scrolls
 m - a scroll of amnesia
 p - 3 scrolls of random uselessness
 w - 2 scrolls of fog
 x - a scroll of remove curse
Potions
 g - a potion of berserk rage
 q - a potion of agility
 t - 2 potions of brilliance
 u - a potion of lignification {unknown}
Comestibles
 f - 4 bread rations
 h - 2 fruits
 i - a royal jelly
 k - 2 meat rations
 l - 2 chunks of flesh


   Skills:
 + Level 4.9 Fighting
 + Level 4.6 Long Blades
 + Level 6.1 Armour
 + Level 3.2 Dodging
 + Level 0.3 Stealth
 + Level 5.6 Shields


You had 6 spell levels left.
You didn't know any spells.

Dungeon Overview and Level Annotations

Branches:
Dungeon (4/15)
 Temple: D:4-7

Altars:
Dithmenos
Pakellas
Ru


Innate Abilities, Weirdness & Mutations

You reflexively headbutt those who attack you in melee.
You have a pair of horns on your head.


Message History

The orc wizard gestures at you while chanting.
You feel yourself slow down.
You closely miss the orc wizard.
The orc wizard is almost dead.
An orc wizard appears from thin air!
Reactivating autopickup.
The orc priest mumbles some strange prayers to Beogh against you.
Beogh smites you!
* * * LOW HITPOINT WARNING * * *
You block the orc wizard's attack.
The orc wizard gestures wildly while chanting.
The orc wizard blinks!
You closely miss the orc wizard. Your headbutt misses the orc wizard.
The orc wizard is almost dead.
The orc wizard hits you but does no damage.
The orc wizard hits you with a dagger.
* * * LOW HITPOINT WARNING * * *
The orc wizard gestures at you while chanting.
The puff of frost hits you!
You die...

#.ยง.### ...
#.#...####o....
#..oo..o.oo....
###o#######....
#Z# . #o# #o#
#o# #@# #o# #o#
#.# #o# #o# #.#
#.#


You could see an orc priest, 3 orc wizards, 6 orcs and a hound skeleton.

Vanquished Creatures
  The ghost of Peloso the Shield-Bearer, an amateur MiFi (D:3)
  An ogre (D:4)
  2 orc priests (D:4)
  A hound (D:4)
  Ijyb (D:2)
  Natasha (thrice) (D:3)
  A worker ant (D:4)
  3 gnolls (D:3)
  A howler monkey skeleton (D:4)
  9 adders
  2 oozes
  3 worms
  A dart slug (D:1)
  A giant gecko (D:4)
  4 orcs
  7 bats
  3 giant cockroaches
  14 goblins
  7 hobgoblins
  5 jackals (D:2)
  2 quokkas
  3 ball pythons
  6 giant newts
  7 kobolds
  A quokka skeleton (D:4)
  5 rats
94 creatures vanquished.

Notes
Turn   | Place    | Note
--------------------------------------------------------------
     0 | D:1      | Peloso the Minotaur Fighter began the quest for the Orb.
     0 | D:1      | Reached XP level 1. HP: 19/19 MP: 0/0
   402 | D:1      | Reached XP level 2. HP: 27/27 MP: 1/1
   752 | D:2      | Found a sacrificial altar of Ru.
   753 | D:2      | Found an oddly glowing altar of Pakellas.
   842 | D:2      | Reached XP level 3. HP: 29/33 MP: 2/2
   872 | D:2      | Reached skill level 4 in Armour
   888 | D:2      | Reached skill level 1 in Dodging
  1088 | D:2      | Reached XP level 4. HP: 40/40 MP: 3/3
  1360 | D:2      | Noticed Ijyb
  1376 | D:2      | Killed Ijyb
  1644 | D:3      | Reached XP level 5. HP: 45/46 MP: 4/4
  1645 | D:3      | Found a shadowy altar of Dithmenos.
  1807 | D:3      | Noticed Natasha
  1814 | D:3      | Killed Natasha
  2330 | D:3      | Noticed Natasha
  2333 | D:3      | Killed Natasha
  2333 | D:3      | Reached skill level 5 in Armour
  2378 | D:3      | Noticed Natasha
  2384 | D:3      | Killed Natasha
  2384 | D:3      | Reached skill level 5 in Shields
  2384 | D:3      | Reached XP level 6. HP: 46/53 MP: 5/5
  2552 | D:3      | Noticed Peloso's ghost (amateur MiFi)
  2570 | D:3      | Killed Peloso's ghost
  3072 | D:4      | Reached XP level 7. HP: 38/60 MP: 6/6
  3080 | D:4      | Reached skill level 6 in Armour
  3113 | D:4      | Killed from afar by an orc wizard

Skill      XL: |  1  2  3  4  5  6  7 |
---------------+----------------------+-----
Fighting       | 4 |  4.9
Long Blades    | 3 4 |  4.6
Armour         | 4 5 6 |  6.1
Shields        | 4 5 |  5.6
Dodging        | 1 2 3 |  3.2
Stealth        | |  0.3

Action                   |  1- 3 |  4- 6 |  7- 9 || total
-------------------------+-------+-------+-------++-------
Melee: Long sword        |    71 |   145 |       ||   216
       Headbutt          |     9 |    35 |     1 ||    45
       Falchion          |       |    21 |    29 ||    50
  Use: Scroll            |       |    12 |       ||    12
       Potion            |       |     1 |     2 ||     3
  Eat: Chunk             |     1 |     6 |       ||     7
Armor: Scale mail        |    45 |    59 |     7 ||   111
Dodge: Dodged            |    24 |    55 |     7 ||    86
Block: Shield            |    39 |    93 |    14 ||   146
